AoeStats
← F1re

Hideout

510135283Analyzed
1v1 RM · 2d ago on Sep 29, 2026· 38m 55s· 2 players
Game mode
Random Map
Map size
Tiny (2 player)
Population
200
Speed
Normal
Resources
Standard
Victory
Conquest
Starting age
Dark Age
Ending age
Imperial Age
RankedLock teamsTeams togetherTeam positionsShared explorationLock speedFull tech treeHidden civsTurbo modeCheats
Victory
Defeat
🇨🇳 Persians · China
1091
+15
🇮🇸 Inca · Iceland
1067
-15
F1re
0:37 Loom
9:36 Feudal Age
12:30 Champi Runner
19:51 Castle Age
19:59 Scale Mail Armor
20:31 Forging
19:58 Champi Warrior
20:39 Squires
20:18 Pikeman
22:20 Chain Mail Armor
23:13 Iron Casting
25:28 Fletching
37:45 Imperial Age
37:40 Wheelbarrow
38:03 Halberdier
小雷同志
10:18 Feudal Age
14:48 Castle Age
13:06 Double-Bit Axe
13:51 Horse Collar
15:42 Wheelbarrow
15:23 Loom
16:35 Scale Barding Armor
21:50 Forging
23:09 Husbandry
24:56 Bow Saw
25:03 Bloodlines
25:33 Heavy Plow
26:55 Chain Barding Armor
28:14 Iron Casting
28:55 Gold Mining
31:52 Imperial Age
30:29 Hand Cart
31:32 Cavalier
32:53 Plate Barding Armor
33:19 Blast Furnace
33:38 Gold Shaft Mining
33:34 Conscription
33:41 Savar
Connection lost

Rejoining the realm…

Still unreachable

The connection could not be restored.

Session expired

The server has moved on; the page needs a fresh start.